Map: [ESL] Alcyone

Players

trigger - Winner!

  • Race: Protoss Protoss
  • Spawn Location: 7:00

Astrea

  • Race: Protoss Protoss
  • Spawn Location: 1:00

Event: ESL SC2 Masters 2024 Spring (Regional)

VOD

Have the link to the VOD?

Description

Time

  • Played on: April 18, 2024, 2 p.m.
  • Length: 10:17

All games in this series

Show
View Real Time Build Order
Export as new Build Order

trigger Protoss - Winner!

Build Orders:  

Get SALT Encoding   

  12  0:00  Probe  
  13  0:13  Probe  
  14  0:17  Pylon  
  14  0:25  Probe (Chrono Boost)  
  15  0:36  Gateway  
  15  0:37  Probe (Chrono Boost)  
  16  0:44  Probe (Chrono Boost)  
  16  0:46  Assimilator  
  17  0:52  Probe  
  17  0:54  Assimilator  
  18  1:04  Probe (Chrono Boost)  
  19  1:13  Probe (Chrono Boost)  
  19  1:16  Gateway  
  20  1:18  Probe (Chrono Boost)  
  20  1:24  Cybernetics Core  
  21  1:31  Probe  
  22  1:35  Pylon  
  22  1:43  Probe  
  23  1:55  Probe  
  23  2:01  Robotics Facility  
  24  2:04  Adept x2  
  28  2:08  Warp Gate (Chrono Boost)  
  28  2:17  Pylon  
  28  2:34  Adept  
  28  2:35  Adept  
  32  2:45  Warp Prism (Chrono Boost)  
  34  2:55  Shield Battery  
  34  3:03  Probe  
  35  3:11  Shield Battery  
  35  3:17  Immortal  
  39  3:20  Pylon  
  39  3:34  Shield Battery  
  39  3:42  Stargate  
  39  3:49  Probe  
  39  3:51  Stalker x2  
  40  3:59  Observer  
  37  4:03  Gateway  
  37  4:14  Stalker  
  35  4:23  Probe  
  35  4:28  Phoenix (Chrono Boost)  
  37  4:36  Probe  
  41  5:11  Pylon  
  41  5:13  Pylon  
  37  5:16  Phoenix (Chrono Boost)  
  39  5:33  Phoenix (Chrono Boost)  
  41  5:41  Nexus  
  41  5:42  Probe  
  42  5:44  Pylon  
  42  5:57  Phoenix  
  42  5:59  Observer  
  44  6:05  Shield Battery  
  44  6:06  Probe  
  45  6:18  Probe  
  45  6:23  Phoenix  
  47  6:30  Probe  
  48  6:43  Probe (Chrono Boost)  
  49  6:49  Twilight Council  
  49  6:54  Probe (Chrono Boost), Sentry  
  50  7:00  Probe (Chrono Boost)  
  53  7:02  Stalker  
  53  7:03  Stalker, Probe (Chrono Boost)  
  58  7:18  Probe x2  
  60  7:24  Phoenix (Chrono Boost)  
  60  7:28  Charge (Chrono Boost)  
  60  7:29  Zealot x3  
  68  7:44  Probe x2  
  70  7:53  Robotics Facility  
  68  7:58  Probe  
  68  8:01  Zealot x3  
  68  8:04  Pylon  
  68  8:05  Probe  
  76  8:12  Probe  
  77  8:16  Pylon  
  77  8:18  Pylon  
  78  8:24  Probe  
  78  8:25  Assimilator  
  79  8:30  Phoenix  
  80  8:35  Pylon  
  80  8:40  Observer (Chrono Boost), Zealot x2  
  83  8:51  Zealot  
  85  9:02  Nexus  
  85  9:04  Zealot x2  
  85  9:07  Pylon  
  89  9:15  Zealot  
  91  9:19  Forge  
  91  9:25  Zealot x2  
  95  9:33  Immortal (Chrono Boost)  
  99  9:42  Zealot  
  99  10:00  Zealot x2  
  99  10:03  Zealot  
Show
View Real Time Build Order
Export as new Build Order

Astrea Protoss 

Build Orders:  

Get SALT Encoding   

  12  0:00  Probe  
  13  0:12  Probe  
  14  0:17  Pylon  
  14  0:24  Probe (Chrono Boost)  
  15  0:36  Gateway, Probe (Chrono Boost)  
  16  0:44  Probe (Chrono Boost)  
  16  0:45  Assimilator  
  17  0:51  Probe  
  17  0:53  Assimilator  
  18  1:03  Probe (Chrono Boost)  
  19  1:07  Gateway  
  19  1:12  Probe (Chrono Boost)  
  19  1:17  Probe (Chrono Boost)  
  20  1:24  Cybernetics Core  
  21  1:29  Probe  
  22  1:34  Pylon  
  22  1:41  Probe  
  23  1:53  Probe  
  24  2:00  Adept x2  
  24  2:01  Warp Gate  
  28  2:06  Robotics Facility  
  28  2:17  Pylon  
  28  2:31  Stalker  
  28  2:35  Sentry  
  32  2:50  Warp Prism (Chrono Boost)  
  34  3:05  Shield Battery  
  34  3:08  Shield Battery  
  34  3:16  Immortal (Chrono Boost)  
  34  3:18  Pylon  
  38  3:37  Gateway  
  38  3:45  Pylon  
  35  3:49  Adept  
  35  3:50  Probe  
  34  4:02  Probe  
  35  4:04  Immortal (Chrono Boost)  
  39  4:14  Probe  
  38  4:26  Probe  
  38  4:35  Immortal (Chrono Boost)  
  42  4:40  Probe  
  42  4:42  Pylon  
  43  4:52  Probe  
  44  5:04  Probe  
  44  5:06  Stalker x2  
  49  5:16  Observer, Probe  
  50  5:31  Probe  
  51  5:38  Stalker  
  52  5:43  Probe  
  52  5:48  Observer  
  53  5:55  Probe  
  53  5:56  Nexus  
  54  6:01  Pylon  
  54  6:09  Probe  
  53  6:20  Sentry x2, Shield Battery  
  53  6:22  Probe (Chrono Boost)  
  57  6:33  Probe (Chrono Boost)  
  57  6:38  Probe (Chrono Boost)  
  56  6:48  Probe  
  59  6:55  Sentry x2  
  59  7:02  Probe  
  59  7:08  Probe, Shield Battery  
  57  7:18  Stalker x2  
  57  7:20  Probe (Chrono Boost)  
  62  7:22  Phoenix  
  62  7:25  Probe (Chrono Boost)  
  61  7:32  Probe (Chrono Boost)  
  61  7:33  Twilight Council  
  62  7:39  Probe (Chrono Boost)  
  62  7:40  Warp Prism  
  62  7:41  Probe (Chrono Boost)  
  64  7:45  Probe  
  64  7:50  Probe  
  64  7:59  Probe  
  64  8:02  Probe  
  62  8:06  Stalker x2  
  62  8:11  Probe  
  65  8:14  Probe  
  66  8:25  Probe  
  67  8:32  Probe  
  68  8:34  Observer  
  68  8:35  Forge, Assimilator  
  68  8:37  Probe  
  68  8:39  Nexus  
  69  8:51  Probe  
  69  8:53  Stalker x2  
  74  8:58  Pylon  
  74  9:16  Pylon, Probe x2  
  75  9:18  Stalker  
  75  9:22  Stalker  
  79  9:28  Probe  
  79  9:30  Observer, Pylon  
  79  9:31  Probe  
  82  9:38  Shield Battery  
  82  9:39  Shield Battery  
  82  9:40  Probe  
  82  9:43  Probe  
  83  9:52  Probe  
  83  9:55  Probe  
  83  9:57  Stalker x2  
Tags
 
Add a new tag
Caveats
  • Supply blocks, unpowered buildings, or Contaminate may cause inaccurate times.
  • Supply counts are checked every 10 seconds.